 Dungeon Crawl Stone Soup version 0.31-a0-667-g39726597b9 (webtiles) character file.

Game seed: 17790121484373728433

12 dialectric the Digger (level 2, 0/19 HPs)
             Began as a Demonspawn Wanderer on Sept 2, 2023.
             Slain by a kobold
             ... wielding a +0 whip
              (3 damage)
             ... on level 2 of the Dungeon on Sept 3, 2023.
             The game lasted 00:01:29 (649 turns).

dialectric the Digger (Demonspawn Wanderer)          Turns: 649, Time: 00:01:29

Health: 0/19       AC:  3    Str: 15    XL:     2   Next: 20%
Magic:  5/5        EV: 11    Int: 12    God:
Gold:   0          SH:  0    Dex: 10    Spells: 5/5 levels left

rFire   . . .        i - +0 dagger (speed)
rCold   . . .        (no shield)
rNeg    . . .        d - +0 leather armour
rPois   .            (no helmet)
rElec   .            (no cloak)
rCorr   .            (no gloves)
SInv    .            (no boots)
Will    .....        (no amulet)
Stlth   +            (no ring)
HPRegen 0.23/turn    (no ring)
MPRegen 0.09/turn

%: no passive effects
@: no status effects
A: ignite blood 1
a: no special abilities


You were on level 2 of the Dungeon.
You visited 1 branch of the dungeon, and saw 2 of its levels.

Inventory:

Hand Weapons
 a - a +0 dagger
 i - a +0 dagger of speed (weapon)
Missiles
 b - 9 boomerangs (quivered)
Armour
 d - a +0 leather armour (worn)
Jewellery
 e - an amulet of magic regeneration
Scrolls
 c - a scroll of fog
 f - a scroll of enchant weapon {unknown}
 h - a scroll of teleportation {unknown}
 j - a scroll of identify {unknown}
Potions
 g - a potion of heal wounds {unknown}


   Skills:
 + Level 0.2 Fighting
 + Level 0.1 Short Blades
 + Level 1.9 Throwing
 + Level 0.4 Armour
 + Level 1.0 Dodging
 + Level 1.0 Stealth
 + Level 2.1 Spellcasting
 + Level 1.1 Conjurations
 + Level 2.9 Earth Magic


You had 5 spell levels left.
You didn't know any spells.
Your spell library contained the following spells:

 Spells                   Type           Power      Damage    Failure   Level
 Sandblast                Erth           16%        2d6       10%         1
 Kiss of Death            Conj/Necr      8%         2d6       26%         1
 Mephitic Cloud           Conj/Pois/Air  2%         N/A       65%         3
 Animate Armour           Summ/Erth      8%         N/A       87%         4
 Leda's Liquefaction      Hex/Erth       2%         N/A       87%         4


Dungeon Overview and Level Annotations

Branches:
Dungeon (2/15)

Altars:
Wu Jian


Innate Abilities, Weirdness & Mutations

Your demonic aura sometimes causes spilled blood to erupt in flames.


Message History

You hit the kobold but do no damage.
You hear a shout!
The kobold hits you with a +0 whip.
The kobold hits you with a +0 short sword.
You closely miss the kobold. You barely miss the kobold.
The kobold hits you with a +0 short sword.
The kobold closely misses you.
You completely miss the kobold.
The kobold hits you with a +0 short sword.
The kobold hits you with a +0 whip.
A hobgoblin comes into view.
You hit the kobold but do no damage. You hit the kobold.
The kobold is moderately wounded.
The kobold hits you with a +0 whip. The kobold hits you but does no damage.
You hit the kobold but do no damage.
The kobold is moderately wounded.
The kobold closely misses you. The kobold hits you with a +0 whip.
You are too injured to fight recklessly!
You are too injured to fight recklessly!
You are too injured to fight recklessly!
You are too injured to fight recklessly!
You are too injured to fight recklessly!
You are too injured to fight recklessly!
You are too injured to fight recklessly!
You are too injured to fight recklessly!
You are too injured to fight recklessly!
Unknown command.
The kobold attacks as it pursues you! The kobold hits you with a +0 whip.
* * * LOW HITPOINT WARNING * * *
The kobold attacks as it pursues you! The kobold hits you but does no damage.
You hit the kobold.
The kobold is heavily wounded.
You are too injured to fight recklessly!
You are too injured to fight recklessly!
You hit the kobold but do no damage.
The kobold is heavily wounded.
The kobold hits you with a +0 whip.
You die...

... ####### ###
#.#... #.# #.#.# #.#
#.#.# #.# #.#.# #.#
#.#.# #.# #.#.# #@#
..#... #######K## ##
.# #####..#
#.......K##.#...# #
#.###........g....# #
###.##.).######.#####
# #........# #...# #
#........# #..#..# #
#.....#..# #..# #..#
#.....#..##..# #..#


You could see a hobgoblin and 2 kobolds.

Vanquished Creatures
  A goblin (D:2)
  A hobgoblin (D:1)
  2 kobolds (D:2)
  4 ball pythons
  A bat (D:2)
  3 frilled lizards (D:1)
  2 rats (D:1)
14 creatures vanquished.

Notes
Turn   | Place    | Note
-------+----------+-------------------------------------------
     0 | D:1      | dialectric the Demonspawn Wanderer began the quest for the
                  | Orb.
     0 | D:1      | dialectric set off with the following items: a +0 dagger, 9
                  | boomerangs, a scroll of fog, a +0 leather armour; and the
                  | following spells available to memorise: Sandblast, Kiss of
                  | Death, Mephitic Cloud, Animate Armour, Leda's Liquefaction.
     0 | D:1      | Reached XP level 1. HP: 13/13 MP: 3/3
    36 | D:2      | Found an ornate altar of the Wu Jian Council.
    37 | D:2      | Upgraded the game from 0.31-a0-662-g684573625c to
                  | 0.31-a0-667-g39726597b9
   316 | D:2      | Gained mutation: Your demonic aura sometimes causes spilled
                  | blood to erupt in flames. [demonic ancestry]
   316 | D:2      | Reached XP level 2. HP: 19/19 MP: 5/5
   649 | D:2      | Slain by a kobold

Illustrated notes

Levels and vault maps discovered:
D:1:      amcnicky_arrival_feature_with_door, layout_loops_cross, serial_glass,
          glass_columns_c, glass_columns_a, item_on_display_b
D:2:      minmay_diamond_boxcup, layout_rooms, basic_altar,
          hellmonk_ecumenical_altar_the_god_not_taken, serial_shops, shop,
          serial_co_window_serial, co_window_corner_a,
          co_window_of_opportunity_a, co_window_paths_b, co_window_paths_a,
          co_window_corner_a, co_window_corner_a, co_window_paths_a,
          co_window_unsneaky_path_d, co_window_broadway_b, co_window_cross_4,
          co_window_broadway_b, co_window_2corner, co_window_paths_c,
          glass_columns_b

Action                     || total
---------------------------++-------
  Melee: Dagger            ||    76
 Armour: Leather armour    ||    53
  Dodge: Dodged            ||    47

Table legend: (Time is in decaauts)
 A = Elapsed time spent in this place.
 B = Non-inter-level travel time spent in this place.
 C = Inter-level travel time spent in this place.
 D = Time resting spent in this place.
 E = Time spent auto-exploring this place.
 F = Levels seen in this place.
 G = Mean time per level.
                   A        B        C        D        E       F      G
               +--------+--------+--------+--------+--------+-----+--------+
         Total |    641 |    621 |     20 |      0 |    476 |   2 |  320.5 |
       Dungeon |    641 |    621 |     20 |      0 |    476 |   2 |  320.5 |
               +--------+--------+--------+--------+--------+-----+--------+

Top non-repeatable levels by time:
     D:2: 331 daAuts
     D:1: 309 daAuts
